 Dungeon Crawl Stone Soup version 0.26.1-11-gd32895ea62 (webtiles) character file.

Game seed: 4100554898857278959

126 Almogavar the Covered (level 5, 0/42 HPs)
             Began as a Barachi Fighter on May 23, 2021.
             Was an Initiate of Okawaru.
             Slain by a quokka (2 damage)
             ... summoned by Eustachio
             ... on level 4 of the Dungeon.
             The game lasted 00:05:46 (2372 turns).

Almogavar the Covered (Barachi Fighter)             Turns: 2372, Time: 00:05:48

Health: 0/42       AC:  8    Str: 17 (18) XL:     5   Next: 9%
Magic:  5/5        EV:  7    Int:  6 (9)  God:    Okawaru [......]
Gold:   163        SH:  9    Dex:  9 (11) Spells: 4/4 levels left

rFire    . . .     SeeInvis .   a - +0 long sword
rCold    . . .     Faith    .   c - +0 kite shield
rNeg     . . .     Spirit   .   b - +0 scale mail
rPois    .         Reflect  .   (no helmet)
rElec    .         Harm     .   q - +0 cloak
rCorr    .         Rampage  .   (no gloves)
Will     .....                  (no boots)
Stlth    ..........             (no amulet)
HPRegen  0.14/turn              (no ring)
MPRegen  0.09/turn              (no ring)

@: mighty, slow
A: +LOS, swims, slowness 1, strong legs 1
a: Hop, Renounce Religion


You were on level 4 of the Dungeon.
You worshipped Okawaru.
Okawaru was noncommittal.
You visited 1 branch of the dungeon, and saw 3 of its levels.

You collected 163 gold pieces.

Inventory:

Hand Weapons
 a - a +0 long sword (weapon)
Missiles
 e - 15 arrows
 h - 68 sling bullets
 l - 5 boomerangs (quivered)
 m - 32 stones
 n - 7 silver javelins
 p - 10 poisoned darts
Armour
 b - a +0 scale mail (worn)
 c - a +0 kite shield (worn)
 q - a +0 cloak (worn)
Scrolls
 f - 2 scrolls of identify {unknown}
 g - 3 scrolls of fear {unknown}
 j - a scroll of random uselessness {unknown}
 o - 2 scrolls of teleportation {unknown}
 r - a scroll of enchant armour {unknown}
 s - a scroll of enchant weapon {unknown}
Potions
 i - a potion of degeneration
 k - a potion of ambrosia {unknown}


   Skills:
 + Level 4.1 Fighting
 + Level 3.8 Long Blades
 + Level 4.5 Armour
 + Level 0.4 Dodging
 + Level 0.3 Stealth
 + Level 4.3 Shields


You had 4 spell levels left.
You didn't know any spells.
Your spell library was empty.

Dungeon Overview and Level Annotations

Branches:
Dungeon (2/15)

Altars:
Okawaru

Annotations:
D:4 Eustachio


Innate Abilities, Weirdness & Mutations

You can be seen from farther away. (+LOS)
You can swim through water.
You cover ground slowly.
You can hop short distances.


Message History

Eustachio mumbles some strange words.
It was a potion of degeneration.
There was something very wrong with that liquid.
You feel weakened.
You feel dopey.
You feel clumsy.
The crimson imp disappears in a puff of smoke!
The bat barely misses you. The river rat closely misses you.
You riposte.
You hit the river rat.
The river rat is lightly wounded.
You block the quokka's attack. The bat hits you but does no damage.
The white imp hits you but does no damage.
You block the white imp's attack. Eustachio completely misses you.
You riposte.
You closely miss Eustachio.
Eustachio is heavily wounded.
You feel very mighty all of a sudden. The bat barely misses you.
You block the quokka's attack. You block the river rat's attack.
The white imp shouts, "Scamper hence, thou feeble elf-skinned snake-molt!"
The white imp hits you but does no damage. x2
The quokka bites you.
You die...

#+## #..?## # ###
#.....# #.##.##
#.......
#.#...####........
#....b...'........
#.#br5#.##........
#.@@r##.# #.......
#.5.5...# #...).#
###.##### #...##
#.# #+## #.# # #.#
.# #[###### #. #
#......####...#
###............


You could see Eustachio, a river rat (summoned), 3 white imps, a quokka
(summoned) and 2 bats.

Vanquished Creatures
  3 adders (D:2)
  4 gnolls
  An ooze (D:2)
  A worm (D:2)
  2 dart slugs
  3 leopard geckos
  3 bats
  3 giant cockroaches
  6 goblins
  6 hobgoblins
  A quokka (D:2)
  2 frilled lizards
  9 kobolds
  4 rats
48 creatures vanquished.

Vanquished Creatures (others)
  A plant (D:2)
1 creature vanquished.

Grand Total: 49 creatures vanquished

Notes
Turn   | Place    | Note
-------+----------+-------------------------------------------
     0 | D:1      | Almogavar the Barachi Fighter began the quest for the Orb.
     0 | D:1      | Reached XP level 1. HP: 18/18 MP: 1/1
   365 | D:1      | Reached XP level 2. HP: 21/25 MP: 2/2
  1072 | D:1      | Reached XP level 3. HP: 30/30 MP: 3/3
  1412 | D:2      | Found an iron altar of Okawaru.
  1524 | D:2      | Reached XP level 4. HP: 33/37 MP: 4/4
  1742 | D:2      | Became a worshipper of Warmaster Okawaru
  2083 | D:2      | Reached XP level 5. HP: 42/42 MP: 5/5
  2252 | D:2      | You fall into a shaft and drop 2 floors!
  2296 | D:4      | Noticed Eustachio
  2370 | D:4      | HP: 2/42 [white imp[Eustachio] (4)]
  2372 | D:4      | Slain by a quokka

Illustrated notes

Levels and vault maps discovered:
D:1:      dpeg_arrival_lava_temple_mockup, layout_basic, chequers_mini_garden
D:2:      kennysheep_big_flooded_room, layout_basic, old_standard_altar,
          corexii_shack
D:4:      layout_loops_corners, amethyst_overflow_temple_binary,
          minmay_temple_entry_ruins, uniq_eustachio

Skill      XL: |  1  2  3  4 |
---------------+-------------+-----
Fighting       | 4 |  4.1
Long Blades    | 3 |  3.8
Armour         | 4 |  4.5
Shields        | 4 |  4.3
Dodging        | |  0.4
Stealth        | |  0.3

Action                   |  1- 3 |  4- 6 || total
-------------------------+-------+-------++-------
Melee: Long sword        |    89 |   119 ||   208
Throw: Boomerang         |     5 |       ||     5
  Use: Potion            |       |     2 ||     2
Armor: Scale mail        |    42 |    84 ||   126
Dodge: Dodged            |    32 |    70 ||   102
Block: Kite shield       |    55 |    97 ||   152
       Rpst.: Long sword |    14 |    24 ||    38
